 Dungeon Crawl Stone Soup version 0.21.1-1-g345015f (webtiles) character file.

14 vatarom the Skirmisher (level 2, 0/24 HPs)
             Began as a Demonspawn Abyssal Knight on May 3, 2018.
             Was a Follower of Lugonu.
             Slain by a goblin (3 damage)
             ... on level 1 of the Dungeon.
             The game lasted 00:01:47 (905 turns).

vatarom the Skirmisher (Demonspawn Abyssal Knight)   Turns: 905, Time: 00:01:47

Health: 0/24       AC:  4    Str: 12    XL:     2   Next: 31%
Magic:  4/4        EV: 11    Int: 13    God:    Lugonu [*.....]
Gold:   136        SH:  0    Dex: 12    Spells: 1/1 levels left

rFire    . . .     SeeInvis .   a - +1 falchion
rCold    . . .     Gourm    .   (no shield)
rNeg     . . .     Faith    .   b - +0 leather armour
rPois    .         Spirit   .   (no helmet)
rElec    .         Reflect  .   i - +0 cloak
rCorr    .         Harm     .   (no gloves)
MR       .....                  (no boots)
Stlth    +.........             (no amulet)
HPRegen  0.08/turn              (no ring)
MPRegen  0.09/turn              (no ring)

@: no status effects
A: claws 1
a: Depart the Abyss, Renounce Religion


You were on level 1 of the Dungeon.
You worshipped Lugonu.
Lugonu was aware of your devotion.
You were not hungry.

You visited 1 branch of the dungeon, and saw 2 of its levels.
You visited the Abyss 1 time.

You collected 136 gold pieces.

Inventory:

Hand Weapons
 a - a +1 falchion (weapon)
Armour
 b - a +0 leather armour (worn)
 i - a +0 cloak (worn)
Scrolls
 d - a scroll of enchant armour {unknown}
 g - a scroll of blinking {unknown}
 l - a scroll of immolation {unknown}
Potions
 e - a potion of lignification {unknown}
 f - 2 potions of curing {unknown}
 h - a potion of heal wounds {unknown}
 k - a potion of haste {unknown}
Comestibles
 c - a ration
 j - a chunk of flesh


   Skills:
 - Level 3.0 Fighting
 * Level 2.3 Long Blades
 - Level 1.7 Armour
 + Level 1.2 Dodging
 + Level 2.8 Invocations


You had one spell level left.
You didn't know any spells.

Dungeon Overview and Level Annotations

Branches:
Dungeon (2/15)

Altars:


Innate Abilities, Weirdness & Mutations

You have sharp fingernails.


Message History

You climb upwards.
There is a stone staircase leading down here.
You miss the adder. The adder bites you. The adder barely misses you.
You riposte.
You hit the adder but do no damage. The goblin closely misses you.
You miss the adder. The adder bites you but does no damage.
The goblin hits you. The adder bites you but does no damage.
You barely miss the adder. The goblin hits you. The adder barely misses you.
You riposte.
You closely miss the adder. You completely miss the adder. The adder bites you.
The goblin barely misses you. The adder bites you.
You miss the adder. The goblin hits you but does no damage.
The adder closely misses you. The goblin hits you but does no damage.
You miss the adder. The adder bites you. x2
* * * LOW HITPOINT WARNING * * *
The goblin barely misses you.
Unknown command.
The adder bites you.
* * * LOW HITPOINT WARNING * * *
The goblin hits you.
You die...

#....##...##..#............#.###
#.....##...##....#........#..# #
###....''.⌠.++............(.## #
#...##...##...##.#......### #
##..##...##..............# #
##..##...##.............### #
##..##.⌠.##.....###......# #
...####+##..#...#S...##..## ##
................@>#####...# #.
.................g# #.#.# ####.
................(.# #.#.# #....
#.#.#..###.#....### #.#.###.###
#...#.####.#...## #.#.#...#
###...###......# #.#...###
.......#....##.## #.#)### #
##..........##..# #.#.#######
##.........###.#######.#........


You could see an adder and a goblin.

Vanquished Creatures
  2 giant cockroaches (D:1)
  3 goblins (D:1)
  2 hobgoblins (D:1)
  4 bats
  A frilled lizard (D:1)
  2 rats (D:1)
14 creatures vanquished.

Notes
Turn   | Place    | Note
-------+----------+-------------------------------------------
     0 | Abyss:1  | vatarom the Demonspawn Abyssal Knight began the quest for the Orb.
     0 | Abyss:1  | Reached XP level 1. HP: 18/18 MP: 2/2
     6 | Abyss:1  | Found a corrupted altar of Lugonu.
    20 | D:1      | Escaped the Abyss
    51 | D:1      | Reached skill level 1 in Dodging
   338 | D:1      | Gained mutation: You have sharp fingernails. [demonic ancestry]
   338 | D:1      | Reached XP level 2. HP: 18/24 MP: 4/4
   905 | D:1      | Slain by a goblin

Skill      XL: |  1 |
---------------+----+-----
Dodging        | 1 |  1.2
Long Blades    | 2 |  2.3
Fighting       | |  3.0
Armour         | |  1.7
Invocations    | |  2.8

Action                   || total
-------------------------++-------
Melee: Falchion          ||    49
Armor: Leather armour    ||    18
Dodge: Dodged            ||    40
       Rpst.: Falchion   ||     9
